2166 views
Uploaded 2025-04-25 23:50:57
Game version 1.00 (6115)
29:10 long 1on1 ladder game on (2)LastRefuge_S2_v1.5
Saved by Cabeelibob
2166 views
Uploaded 2025-04-25 23:50:57
Game version 1.00 (6115)
29:10 long 1on1 ladder game on (2)LastRefuge_S2_v1.5

37 units @ 5k
/ 0.5k
14 buildings @ 2.3k
/ 0.7k



| Rod of Necromancy | 2 | 300 |
| Orb of Corruption | 1 | 375 |
| Potion of Healing | 2 | 300 |
| total: | 5 | 975g |
| Acolyte | 11 | 825 | / | 0 |
| Ghoul | 10 | 1200 | / | 0 |
| Obsidian Statue | 7 | 1400 | / | 245 |
| Gargoyle | 9 | 1575 | / | 270 |
| total: | 37 | 5000g | / | 515w |
| Nerubian Tower | 1 | 100 | / | 20 |
| Spirit Tower | 1 | 145 | / | 40 |
| Altar of Darkness | 1 | 180 | / | 50 |
| Ziggurat | 7 | 1050 | / | 350 |
| Crypt | 2 | 400 | / | 100 |
| Tomb of Relics | 1 | 130 | / | 30 |
| Graveyard | 1 | 215 | / | 0 |
| Necropolis | 1 | 225 | / | 0 |
| Slaughterhouse | 1 | 140 | / | 135 |
| Halls of the Dead | 1 | 320 | / | 210 |
| Black Citadel | 1 | 325 | / | 230 |
| total: | 14 | 2340g | / | 665w |
| 0:03 | Acolyte |
| 0:03 | Acolyte |
| 0:08 | Altar of Darkness |
| 0:10 | Ziggurat |
| 0:36 | Crypt |
| 0:48 | Tomb of Relics |
| 1:13 | Ziggurat |
| 1:29 | Graveyard |
| 1:36 | Ghoul |
| 1:48 | Ghoul |
| 2:07 | Rod of Necromancy |
| 2:10 | Death Coil |
| 2:22 | Ghoul |
| 2:36 | Nerubian Tower |
| 3:09 | Halls of the Dead |
| 3:27 | Ghoul |
| 3:28 | Ghoul |
| 3:53 | Ghoul |
| 4:09 | Ziggurat |
| 4:26 | Ghoul |
| 4:26 | Ghoul |
| 4:38 | Rod of Necromancy |
| 4:48 | Ghoul |
| 6:07 | Unholy Aura |
| 6:18 | Black Citadel |
| 6:22 | Crypt |
| 6:50 | Slaughterhouse |
| 7:18 | Frost Nova |
| 7:36 | Ziggurat |
| 7:38 | Ghoul |
| 8:20 | Spirit Tower |
| 8:22 | Obsidian Statue |
| 8:41 | Dark Ritual |
| 9:05 | Creature Attack |
| 9:06 | Gargoyle |
| 9:14 | Death Coil |
| 9:22 | Ziggurat |
| 9:27 | Black Arrow |
| 9:52 | Ziggurat |
| 10:43 | Gargoyle |
| 10:45 | Creature Carapace |
| 11:01 | Gargoyle |
| 11:02 | Gargoyle |
| 11:26 | Silence |
| 11:36 | Orb of Corruption |
| 12:21 | Frost Nova |
| 12:37 | Gargoyle |
| 13:01 | Gargoyle |
| 13:14 | Unholy Aura |
| 13:19 | Black Arrow |
| 14:33 | Gargoyle |
| 15:10 | Improved Creature Carapace |
| 15:11 | Improved Creature Attack |
| 15:14 | Gargoyle |
| 15:55 | Potion of Healing |
| 16:07 | Destroyer Form |
| 17:05 | Dark Ritual |
| 17:08 | Obsidian Statue |
| 17:08 | Obsidian Statue |
| 17:09 | Obsidian Statue |
| 17:11 | Ziggurat |
| 17:13 | Acolyte |
| 18:14 | Acolyte |
| 18:36 | Obsidian Statue |
| 18:53 | Silence |
| 19:08 | Necropolis |
| 19:26 | Obsidian Statue |
| 19:40 | Advanced Creature Carapace |
| 19:43 | Obsidian Statue |
| 20:02 | Gargoyle |
| 20:17 | Potion of Healing |
| 22:21 | Death Coil |
| 22:46 | Acolyte |
| 24:53 | Acolyte |
| 26:21 | Acolyte |
| 26:21 | Acolyte |
| 26:58 | Acolyte |
| 28:23 | Frost Nova |
| 28:36 | Acolyte |
| 28:36 | Acolyte |
| Right click | 2194 |
| Select | 851 |
| Build/train/purchase | 95 |
| Use ability | 57 |
| Misc. action | 3 |
| Item give/drop | 1 |
| Remove unit | 1 |
69 units @ 7k
/ 1.5k
24 buildings @ 4.2k
/ 2k

| Lesser Clarity Potion | 3 | 210 |
| Potion of Mana | 7 | 1400 |
| Potion of Healing | 5 | 750 |
| Orb of Venom | 1 | 325 |
| total: | 16 | 2685g |
| Wisp | 39 | 2340 | / | 0 |
| Archer | 7 | 910 | / | 70 |
| Dryad | 19 | 2755 | / | 1140 |
| Druid of the Claw | 4 | 1020 | / | 320 |
| total: | 69 | 7025g | / | 1530w |
| Ancient Protector | 6 | 810 | / | 480 |
| Altar of Elders | 1 | 180 | / | 50 |
| Moon Well | 6 | 1080 | / | 240 |
| Ancient of War | 2 | 300 | / | 120 |
| Hunter's Hall | 1 | 210 | / | 100 |
| Ancient of Wonders | 2 | 180 | / | 60 |
| Tree of Life | 3 | 1020 | / | 555 |
| Ancient of Lore | 3 | 465 | / | 435 |
| Tree of Ages | 1 | 320 | / | 180 |
| Tree of Eternity | 1 | 330 | / | 200 |
| total: | 24 | 4245g | / | 2040w |
| 0:03 | Altar of Elders |
| 0:03 | Wisp |
| 0:16 | Wisp |
| 0:19 | Moon Well |
| 0:30 | Wisp |
| 0:38 | Ancient of War |
| 0:46 | Wisp |
| 0:46 | Wisp |
| 1:01 | Wisp |
| 1:01 | Wisp |
| 1:15 | Wisp |
| 1:26 | Moon Well |
| 1:47 | Archer |
| 1:50 | Wisp |
| 2:03 | Wisp |
| 2:04 | Wisp |
| 2:04 | Wisp |
| 2:50 | Archer |
| 2:50 | Archer |
| 3:11 | Ancient of War |
| 3:13 | Wisp |
| 3:13 | Wisp |
| 3:23 | Tree of Ages |
| 3:50 | Fan of Knives |
| 4:06 | Moon Well |
| 4:23 | Archer |
| 4:23 | Archer |
| 4:30 | Hunter's Hall |
| 4:33 | Ancient of Wonders |
| 4:50 | Blink |
| 4:54 | Archer |
| 5:06 | Moon Well |
| 6:10 | Wisp |
| 6:10 | Wisp |
| 6:10 | Wisp |
| 6:11 | Wisp |
| 6:16 | Ancient of Lore |
| 6:16 | Ancient of Lore |
| 6:20 | Ancient of Wonders |
| 6:32 | Moon Well |
| 7:02 | Archer |
| 7:12 | Wisp |
| 7:12 | Wisp |
| 7:12 | Wisp |
| 7:28 | Fan of Knives |
| 7:33 | Dryad |
| 7:33 | Abolish Magic |
| 7:36 | Wisp |
| 7:36 | Wisp |
| 7:55 | Druid of the Claw Adept Training |
| 8:19 | Druid of the Claw |
| 8:42 | Dryad |
| 8:55 | Wisp |
| 8:55 | Wisp |
| 8:59 | Lesser Clarity Potion |
| 9:00 | Potion of Mana |
| 9:03 | Potion of Healing |
| 9:16 | Druid of the Claw |
| 9:26 | Strength of the Wild |
| 9:29 | Reinforced Hides |
| 9:29 | Improved Reinforced Hides |
| 10:11 | Tree of Eternity |
| 10:13 | Dryad |
| 10:13 | Dryad |
| 10:34 | Dryad |
| 10:52 | Lesser Clarity Potion |
| 11:03 | Druid of the Claw |
| 11:20 | Blink |
| 11:34 | Druid of the Claw |
| 11:41 | Moon Well |
| 12:26 | Dryad |
| 12:38 | Potion of Mana |
| 12:47 | Druid of the Claw Master Training |
| 13:50 | Potion of Healing |
| 13:52 | Orb of Venom |
| 14:00 | Dryad |
| 14:04 | Fan of Knives |
| 14:29 | Spirit of Vengeance |
| 14:37 | Potion of Healing |
| 14:41 | Potion of Mana |
| 14:46 | Dryad |
| 14:51 | Ancient of Lore |
| 15:13 | Mark of the Claw |
| 15:57 | Dryad |
| 15:57 | Dryad |
| 16:16 | Tree of Life |
| 16:24 | Dryad |
| 16:25 | Dryad |
| 16:50 | Ancient Protector |
| 17:07 | Ancient Protector |
| 17:09 | Dryad |
| 17:11 | Dryad |
| 17:15 | Potion of Mana |
| 17:17 | Lesser Clarity Potion |
| 17:32 | Ancient Protector |
| 17:44 | Wisp |
| 17:44 | Wisp |
| 17:53 | Well Spring |
| 18:31 | Wisp |
| 18:31 | Wisp |
| 18:32 | Wisp |
| 18:32 | Wisp |
| 18:32 | Wisp |
| 18:36 | Wisp |
| 18:36 | Wisp |
| 18:36 | Wisp |
| 18:52 | Ancient Protector |
| 18:53 | Wisp |
| 18:53 | Wisp |
| 19:21 | Wisp |
| 19:38 | Dryad |
| 19:39 | Dryad |
| 19:42 | Potion of Mana |
| 19:54 | Wisp |
| 19:59 | Ancient Protector |
| 20:25 | Ancient Protector |
| 20:40 | Improved Strength of the Wild |
| 20:50 | Tree of Life |
| 20:58 | Tree of Life |
| 22:41 | Dryad |
| 22:41 | Dryad |
| 23:00 | Potion of Healing |
| 23:01 | Potion of Mana |
| 24:48 | Dryad |
| 24:54 | Potion of Mana |
| 25:04 | Blink |
| 27:13 | Shadow Strike |
| 28:05 | Potion of Healing |
| Right click | 1084 |
| Select | 473 |
| Build/train/purchase | 190 |
| Select group | 156 |
| Misc. action | 137 |
| Use ability | 65 |
| Assign group | 25 |
| Remove unit | 6 |
| Chat | 6 |
| Item give/drop | 3 |